3AAA
HAMILTON COYOTES @ SALT LAKE CITY BUZZ
08/22/2026
 
TOP OF THE 1ST
Hamilton Coyotes batting - Pitching for Salt Lake City Buzz : RHP Brian Morris
Pitching: RHP Brian Morris
Batting: RHB Alfredo Cardenas 0-0: Ball
1-0: Foul Ball, location: 2F
1-1: Ball
2-1: Foul Ball, location: 2F
2-2: Strikes out looking
Batting: RHB Jesús Soto 0-0: Ball
1-0: Ball
2-0: Ball
3-0: Called Strike
3-1: Fly out, F7 (Flyball, 78M)
Batting: LHB Tony Ríos 0-0: Called Strike
0-1: SINGLE (Groundball, 34D)
Batting: RHB Wei-qiang Mo 0-0: Ball
1-0: Ball
2-0: Called Strike
2-1: Fly out, F5 (Popup, 5L)
Top of the 1st over - 0 run(s), 1 hit(s), 0 error(s), 1 left on base; Hamilton 0 - Salt Lake City 0
BOTTOM OF THE 1ST
Salt Lake City Buzz batting - Pitching for Hamilton Coyotes : RHP Marcos Mesa
Pitching: RHP Marcos Mesa
Batting: LHB Roberto Soto 0-0: Bunt for hit - play at first, batter OUT! 1-3
Batting: SHB Carlton Reed 0-0: Called Strike
0-1: Foul Ball, location: 2F
0-2: Ball
1-2: Foul Ball, location: 2F
1-2: Foul Ball, location: 2F
1-2: Foul Ball, location: 2F
1-2: Ground out 4-3 (Groundball, 4)
Batting: RHB Justin MacPherson 0-0: Foul Ball, location: 2F
0-1: Ball
1-1: Ground out 1-3 (Groundball, 15S)
Bottom of the 1st over - 0 run(s), 0 hit(s), 0 error(s), 0 left on base; Hamilton 0 - Salt Lake City 0
TOP OF THE 2ND
Hamilton Coyotes batting - Pitching for Salt Lake City Buzz : RHP Brian Morris
Batting: LHB Tommy Sullivan 0-0: Called Strike
0-1: Ball
1-1: Ball
2-1: Called Strike
2-2: Ball
3-2: Strikes out swinging
Batting: RHB Júlio Rodríguez 0-0: Fly out, F7 (Flyball, 78D)
Batting: RHB Jon Erickson 0-0: Foul Ball, location: 2F
0-1: Fly out, F9 (Flyball, 9LM)
Top of the 2nd over - 0 run(s), 0 hit(s), 0 error(s), 0 left on base; Hamilton 0 - Salt Lake City 0
BOTTOM OF THE 2ND
Salt Lake City Buzz batting - Pitching for Hamilton Coyotes : RHP Marcos Mesa
Batting: RHB Vicente Cruz 0-0: Ball
1-0: Ball
2-0: Ball
3-0: Base on Balls
Batting: RHB Jung-hwan Kwon 0-0: Ball
1-0: Ball
2-0: Ball
3-0: Foul Ball, location: 2F
3-1: Fly out, F9 (Flyball, 89D)
Runner from 1st tags up, SAFE at 2nd
Batting: RHB Daryl Moran 0-0: Swinging Strike
0-1: Ball
1-1: Called Strike
1-2: Ball
2-2: Strikes out looking
Batting: RHB Andrew Hall 0-0: Called Strike
0-1: Ball
1-1: Swinging Strike
1-2: Ball
2-2: Strikes out swinging
Bottom of the 2nd over - 0 run(s), 0 hit(s), 0 error(s), 1 left on base; Hamilton 0 - Salt Lake City 0
TOP OF THE 3RD
Hamilton Coyotes batting - Pitching for Salt Lake City Buzz : RHP Brian Morris
Batting: RHB Ralph May 0-0: Ball
1-0: Ball
2-0: Ball
3-0: Called Strike
3-1: Fly out, F8 (Flyball, 8LM)
Batting: LHB Manuel Sánchez 0-0: Fly out, F9 (Flyball, 9LMF)
Batting: RHB Alfredo Cardenas 0-0: Ball
1-0: Ground out 6-3 (Groundball, 6)
Top of the 3rd over - 0 run(s), 0 hit(s), 0 error(s), 0 left on base; Hamilton 0 - Salt Lake City 0
BOTTOM OF THE 3RD
Salt Lake City Buzz batting - Pitching for Hamilton Coyotes : RHP Marcos Mesa
Batting: RHB Alan Rosales 0-0: Called Strike
0-1: Ball
1-1: Ground out 4-3 (Groundball, 4)
Batting: RHB Adrian Rodgers 0-0: Called Strike
0-1: Ball
1-1: Ball
2-1: Ball
3-1: Base on Balls
Batting: LHB Roberto Soto 0-0: Ball
1-0: Ball
2-0: Foul Ball, location: 2F
2-1: Ball
3-1: Base on Balls
Adrian Rodgers to second
Batting: SHB Carlton Reed 0-0: Called Strike
0-1: Ball
1-1: SINGLE (Line Drive, 6M)
Adrian Rodgers to third
Roberto Soto to second
Batting: RHB Justin MacPherson 0-0: Called Strike
0-1: Called Strike
0-2: Ball
1-2: Foul Ball, location: 2F
1-2: Ball
2-2: DOUBLE (Line Drive, 7LM)
Adrian Rodgers scores
Roberto Soto scores
Carlton Reed to third
Batting: RHB Vicente Cruz 0-0: Ball
1-0: Ball
2-0: DOUBLE (Line Drive, 7LD)
Carlton Reed scores
Justin MacPherson scores
Batting: RHB Jung-hwan Kwon 0-0: Foul Ball, location: 2F
0-1: Foul Ball, location: 2F
0-2: Ball
1-2: Strikes out swinging
Batting: RHB Daryl Moran 0-0: SINGLE (Groundball, 6MD)
Vicente Cruz to third
Runner from 3rd tries for Home, SAFE, no throw
Batting: RHB Andrew Hall 0-0: Foul Ball, location: 2F
0-1: Ball
1-1: Ball
2-1: Called Strike
2-2: Ball
3-2: Ground out 5-3 (Groundball, 56S)
Bottom of the 3rd over - 5 run(s), 4 hit(s), 0 error(s), 1 left on base; Hamilton 0 - Salt Lake City 5
TOP OF THE 4TH
Hamilton Coyotes batting - Pitching for Salt Lake City Buzz : RHP Brian Morris
Batting: RHB Jesús Soto 0-0: Ball
1-0: Foul Ball, location: 2F
1-1: Ground out U3 (Groundball, 34)
Batting: LHB Tony Ríos 0-0: Ball
1-0: Called Strike
1-1: Foul Ball, location: 2F
1-2: SINGLE (Line Drive, 9S)
Batting: RHB Wei-qiang Mo 0-0: Foul Ball, location: 2F
0-1: Called Strike
Tony Ríos is caught stealing 2nd base
0-2: Ball
1-2: Ball
2-2: Strikes out swinging
Top of the 4th over - 0 run(s), 1 hit(s), 0 error(s), 0 left on base; Hamilton 0 - Salt Lake City 5
BOTTOM OF THE 4TH
Salt Lake City Buzz batting - Pitching for Hamilton Coyotes : RHP Marcos Mesa
Batting: RHB Alan Rosales 0-0: Ball
1-0: Fly out, F9 (Flyball, 89M)
Batting: RHB Adrian Rodgers 0-0: Ball
1-0: Foul Ball, location: 2F
1-1: Ball
2-1: Swinging Strike
2-2: Ground out 6-3 (Groundball, 6)
Batting: LHB Roberto Soto 0-0: Called Strike
0-1: Swinging Strike
0-2: Ball
1-2: Ball
2-2: Ball
3-2: Strikes out looking
Bottom of the 4th over - 0 run(s), 0 hit(s), 0 error(s), 0 left on base; Hamilton 0 - Salt Lake City 5
TOP OF THE 5TH
Hamilton Coyotes batting - Pitching for Salt Lake City Buzz : RHP Brian Morris
Batting: LHB Tommy Sullivan 0-0: Called Strike
0-1: Foul Ball, location: 2F
0-2: Ball
1-2: Ground out U3 (Groundball, 34)
Batting: RHB Júlio Rodríguez 0-0: Ball
1-0: SINGLE (Groundball, 15S) (infield hit)
Batting: RHB Jon Erickson 0-0: Ball
1-0: Called Strike
1-1: Foul Ball, location: 2F
1-2: Ball
2-2: Fielders Choice at 2nd, 4-6 (Groundball, 34)
Batting: RHB Ralph May 0-0: Ball
1-0: Called Strike
1-1: Ball
2-1: Fielders Choice at 2nd, 4-6 (Groundball, 4)
Top of the 5th over - 0 run(s), 1 hit(s), 0 error(s), 0 left on base; Hamilton 0 - Salt Lake City 5
BOTTOM OF THE 5TH
Salt Lake City Buzz batting - Pitching for Hamilton Coyotes : RHP Marcos Mesa
Batting: SHB Carlton Reed 0-0: Fly out, F7 (Flyball, 78D)
Batting: RHB Justin MacPherson 0-0: Called Strike
0-1: DOUBLE (Line Drive, 7LM)
Pitching: LHP Reynaldo Sánchez
Batting: RHB Vicente Cruz 0-0: Ball
Justin MacPherson steals 3rd base
1-0: Ground out 6-3 (Groundball, 6)
Justin MacPherson scores
Batting: RHB Jung-hwan Kwon 0-0: Ball
1-0: Fly out, F4 (Flyball, 34D)
Bottom of the 5th over - 1 run(s), 1 hit(s), 0 error(s), 0 left on base; Hamilton 0 - Salt Lake City 6
TOP OF THE 6TH
Hamilton Coyotes batting - Pitching for Salt Lake City Buzz : RHP Brian Morris
Batting: LHB Manuel Sánchez 0-0: Called Strike
0-1: Ball
1-1: Fly out, F8 (Flyball, 8RM)
Batting: RHB Alfredo Cardenas 0-0: Swinging Strike
0-1: Called Strike
0-2: Ground out 6-3 (Groundball, 6)
Batting: RHB Jesús Soto 0-0: Ground out 6-3 (Groundball, 6)
Top of the 6th over - 0 run(s), 0 hit(s), 0 error(s), 0 left on base; Hamilton 0 - Salt Lake City 6
BOTTOM OF THE 6TH
Salt Lake City Buzz batting - Pitching for Hamilton Coyotes : LHP Reynaldo Sánchez
Batting: RHB Daryl Moran 0-0: Foul Ball, location: 2F
0-1: Ball
1-1: Foul Ball, location: 2F
1-2: Ball
2-2: DOUBLE (Flyball, 89D)
Batting: RHB Andrew Hall 0-0: Called Strike
0-1: Ball
1-1: 2-RUN HOME RUN (Flyball, 7D), Distance : 411 ft
Batting: RHB Alan Rosales 0-0: Ball
1-0: Ball
2-0: Ball
3-0: Base on Balls
Batting: RHB Adrian Rodgers 0-0: Ball
1-0: Ball
2-0: Foul Ball, location: 2F
2-1: Grounds into double play, 5-4-3 (Groundball, 5L)
Batting: LHB Roberto Soto 0-0: Ball
1-0: Called Strike
1-1: Foul Ball, location: 2F
1-2: SINGLE (Line Drive, 8LM)
Batting: SHB Carlton Reed 0-0: Called Strike
Roberto Soto steals 2nd base
0-1: Ball
1-1: 2-RUN HOME RUN (Flyball, 7LD), Distance : 360 ft
Pinch Hitting: SHB Wayne Saunders 0-0: Called Strike
0-1: Foul Ball, location: 2F
0-2: Strikes out swinging
Bottom of the 6th over - 4 run(s), 4 hit(s), 0 error(s), 0 left on base; Hamilton 0 - Salt Lake City 10
TOP OF THE 7TH
Hamilton Coyotes batting - Pitching for Salt Lake City Buzz : RHP Brian Morris
Now at SS: Carlos López
Batting: LHB Tony Ríos 0-0: Called Strike
0-1: Ball
1-1: Foul Ball, location: 2F
1-2: Fly out, F7 (Flyball, 7S)
Batting: RHB Wei-qiang Mo 0-0: Swinging Strike
0-1: Ground out 1-3 (Groundball, 15)
Batting: LHB Tommy Sullivan 0-0: Swinging Strike
0-1: Ground out 5-3 (Groundball, 56)
Top of the 7th over - 0 run(s), 0 hit(s), 0 error(s), 0 left on base; Hamilton 0 - Salt Lake City 10
BOTTOM OF THE 7TH
Salt Lake City Buzz batting - Pitching for Hamilton Coyotes : LHP Reynaldo Sánchez
Pitching: RHP King Fletcher
Batting: RHB Vicente Cruz 0-0: Called Strike
0-1: Ball
1-1: Ball
2-1: Fly out, F8 (Flyball, 8RS)
Batting: RHB Jung-hwan Kwon 0-0: Foul Ball, location: 2F
0-1: SINGLE (Groundball, 6MD)
Batting: RHB Daryl Moran 0-0: Ball
Jung-hwan Kwon steals 2nd base
1-0: Ball
2-0: Called Strike
2-1: Swinging Strike
2-2: Ball
3-2: Fly out, F9 (Line Drive, 9)
Batting: RHB Andrew Hall 0-0: Ball
1-0: Called Strike
1-1: Ball
2-1: Ball
3-1: Base on Balls
Batting: RHB Alan Rosales 0-0: Called Strike
0-1: Swinging Strike
0-2: Ball
1-2: Ball
Wild Pitch!
Jung-hwan Kwon to third
Andrew Hall to second
2-2: Strikes out looking
Bottom of the 7th over - 0 run(s), 1 hit(s), 0 error(s), 2 left on base; Hamilton 0 - Salt Lake City 10
TOP OF THE 8TH
Hamilton Coyotes batting - Pitching for Salt Lake City Buzz : RHP Brian Morris
Now in LF: Juan Martínez
Batting: RHB Júlio Rodríguez 0-0: Ball
1-0: Ball
2-0: Called Strike
2-1: Foul Ball, location: 2F
2-2: Fly out, F4 (Popup, 34D)
Batting: RHB Jon Erickson 0-0: Called Strike
0-1: Foul Ball, location: 2F
0-2: SINGLE (Line Drive, 56)
Batting: RHB Ralph May 0-0: Called Strike
0-1: Foul Ball, location: 2F
0-2: Ball
1-2: Ball
2-2: Ball
3-2: Foul Ball, location: 2F
3-2: Fly out, F3 (Popup, 3)
Batting: LHB Manuel Sánchez 0-0: Swinging Strike
0-1: Ball
1-1: Foul Ball, location: 2F
1-2: Strikes out swinging
Top of the 8th over - 0 run(s), 1 hit(s), 0 error(s), 1 left on base; Hamilton 0 - Salt Lake City 10
BOTTOM OF THE 8TH
Salt Lake City Buzz batting - Pitching for Hamilton Coyotes : RHP King Fletcher
Batting: RHB Adrian Rodgers 0-0: Ball
1-0: Called Strike
1-1: SOLO HOME RUN (Line Drive, 7D), Distance : 391 ft
Batting: LHB Roberto Soto 0-0: Ball
1-0: Foul Ball, location: 2F
1-1: Fly out, F7 (Flyball, 7)
Batting: SHB Carlton Reed 0-0: Ground out 3-1 (Groundball, 34)
Batting: RHB Carlos López 0-0: Fly out, F8 (Flyball, 8RD)
Bottom of the 8th over - 1 run(s), 1 hit(s), 0 error(s), 0 left on base; Hamilton 0 - Salt Lake City 11
TOP OF THE 9TH
Hamilton Coyotes batting - Pitching for Salt Lake City Buzz : RHP Brian Morris
Pinch Hitting: RHB Noel Wells 0-0: Ball
1-0: Fly out, F9 (Flyball, 9)
Pinch Hitting: LHB Martín Núñes 0-0: Called Strike
0-1: Fly out, F5 (Popup, 5L)
Batting: LHB Tony Ríos 0-0: Ball
1-0: Ball
2-0: Called Strike
2-1: Fly out, F8 (Flyball, 8LM)
Top of the 9th over - 0 run(s), 0 hit(s), 0 error(s), 0 left on base; Hamilton 0 - Salt Lake City 11
Monday, March 20th, 2017 - OOTP Baseball 17.12 Build 75